 Dungeon Crawl Stone Soup version 0.16.2-12-gd0ad4c3 (webtiles) character file.

22274 faibistes the Thaumaturge (level 12, -1/67 HPs)
             Began as a Deep Elf Wizard on Oct 26, 2018.
             Was the Champion of Sif Muna.
             Engulfed by a cloud of flame (18 damage)
             ... on level 4 of the Lair of Beasts.
             The game lasted 01:09:43 (21897 turns).

faibistes the Thaumaturge (Deep Elf Wizard)        Turns: 21897, Time: 01:09:43

Health: -1/67      AC: 14    Str:  4    XL:     12   Next: 61%
Magic:  5/44       EV: 19    Int: 29    God:    Sif Muna [******]
Gold:   518        SH:  0    Dex: 13    Spells: 10 memorised, 8 levels left

rFire  . . .     SeeInvis .     n - +6 dagger (protect)
rCold  . . .     Clarity  +     a - +0 robe
rNeg   . . .     SustAb   .     (no shield)
rPois  .         Gourm    .     b - +0 hat
rElec  .         Spirit   .     y - +2 cloak
rCorr  .         Warding  .     B - +0 pair of gloves
rMut   .         Stasis   .     J - +2 pair of boots
MR     +....                    L - amulet of clarity
Stlth  ++........               O - +3 ring of evasion
                                D - ring of magical power

@: deflect missiles, somewhat resistant to hostile enchantments, unstealthy
A: no striking features
a: Channel Energy, Forget Spell, Renounce Religion


You were on level 4 of the Lair of Beasts.
You worshipped Sif Muna.
Sif Muna was exalted by your worship.
You were hungry.

You visited 3 branches of the dungeon, and saw 17 of its levels.

You collected 948 gold pieces.
You spent 430 gold pieces at shops.

Inventory:

Hand weapons
 n - a +6 dagger of protection (weapon)
Armour
 a - a +0 robe (worn)
 b - a +0 hat (worn)
 y - a +2 cloak (worn)
 B - a +0 pair of gloves (worn)
 J - a +2 pair of boots (worn)
Magical staves
 I - an uncursed staff of fire
Jewellery
 k - an uncursed ring of ice
 t - an uncursed ring of protection from fire
 D - a ring of magical power (left hand)
 L - an amulet of clarity (around neck)
 M - an uncursed ring of sustain abilities
 N - an uncursed amulet of stasis
 O - a +3 ring of evasion (right hand)
Magical devices
 c - a wand of flame (29)
 o - a wand of teleportation (2)
 p - a wand of flame (28)
 v - a wand of polymorph (7)
 A - a wand of confusion (48)
 P - a wand of frost (39)
Scrolls
 e - 2 scrolls of blinking
 f - 3 scrolls of magic mapping
 x - 3 scrolls of teleportation
 G - 5 scrolls of immolation
 T - 5 scrolls of fear
 W - 3 scrolls of remove curse
Potions
 i - a potion of ambrosia
 l - 2 potions of haste
 m - 2 potions of resistance
 r - 3 potions of restore abilities
 s - a potion of cure mutation
 u - a potion of might
 C - a potion of agility
 F - a potion of curing
 H - a potion of invisibility
 K - 2 potions of lignification
Comestibles
 d - 7 bread rations
 h - 7 meat rations
 j - 5 fruits
 S - 8 beef jerkies


   Skills:
 + Level 4.6 Fighting
 + Level 8.2 Dodging
 - Level 2.4 Stealth
 * Level 13.5 Spellcasting
 + Level 7.9 Conjurations
 + Level 5.7 Charms
 - Level 1.1 Summonings
 + Level 4.9 Translocations
 - Level 3.2 Transmutations
 * Level 7.3 Fire Magic
 - Level 4.0 Air Magic
 * Level 7.6 Earth Magic
 - Level 2.1 Poison Magic
 * Level 6.5 Invocations
 + Level 6.0 Evocations


You had 8 spell levels left.
You knew the following spells:

 Your Spells              Type           Power        Failure   Level  Hunger
a - Magic Dart            Conj           ####         1%          1    None
b - Conjure Flame         Conj/Fire      ######..     1%          3    None
c - Call Imp              Summ           ####....     2%          2    None
d - Blink                 Tloc           N/A          1%          2    None
e - Mephitic Cloud        Conj/Pois/Air  #####...     1%          3    None
f - Deflect Missiles      Chrm/Air       #####.....   63%         6    ####...
g - Petrify               Trmt/Erth      ######..     3%          4    None
h - Airstrike             Air            #####.....   8%          4    None
i - Repel Missiles        Chrm/Air       #####.       1%          2    None
x - Dazzling Spray        Conj/Hex       #####...     1%          3    None


Dungeon Overview and Level Annotations

Branches:
Dungeon (11/15)            Temple (1/1) D:6            Lair (5/8) D:10
  Snake (0/5) Lair:3          Orc (0/4) D:9
  Swamp: Lair:3-6    Shoals: Lair:3-6

Altars:
Ashenzari
Cheibriados
Dithmenos
Elyvilon
Fedhas
Gozag
Kikubaaqudgha
Makhleb
Nemelex Xobeh
Okawaru
Qazlal
Ru
Sif Muna
Trog
Vehumet
Xom
Yredelemnul
Zin
The Shining One
Beogh

Shops:
D:4 }   D:7 **:}   D:11 ?

Annotations:
D:9 exclusion: obsidian statue, Gastronok
Lair:1 exclusion: oklob plant


Message History

The death yak is engulfed in roaring flames.
Casting: Conjure Flame
Confirm with . or Enter, or press ? or * to list all spells.
Aiming: Conjure Flame
Press: ? - help, Dir - move target cursor The fire roars!
The death yak is engulfed in roaring flames.
Use which ability? (? or * to list)
You channel some magical energy.
You feel somewhat more hungry.
The death yak is engulfed in roaring flames.
The death yak gores you!!
Use which ability? (? or * to list)
You channel some magical energy.
You feel somewhat more hungry.
The death yak is engulfed in roaring flames.
The death yak gores you!
* * * LOW HITPOINT WARNING * * *
Casting: Conjure Flame
Confirm with . or Enter, or press ? or * to list all spells.
You blink.
You are engulfed in roaring flames.
You die...

#.....#....
# #.....#
#.. #
##....## .
#. #..§..#
## ##..Y..#
# #...§.P#
#. ##..§.##
#..
#...§.P#
#..8
#...@###
....
#....## ...
#.....# ..
##...§.# .
#.....##
##....###
#......#
#.....## #+
# #.....##
##. .# §


You could see a death yak.

Vanquished Creatures
  2 hydras
  5 death yaks (Lair:4)
  Erolcha (D:10)
  Maurice (D:11)
  A black mamba (Lair:2)
  5 spiny frogs
  2 trolls
  4 komodo dragons (Lair:1)
  2 two-headed ogres (D:8)
  13 blink frogs
  Eustachio (D:5)
  A wyvern (D:10)
  8 hippogriffs
  8 porcupines
  6 water moccasins
  A wasp (D:9)
  4 centaurs
  10 ogres
  10 orc warriors
  A black bear (D:8)
  3 ice beasts
  A sky beast (D:9)
  2 necrophages
  10 crocodiles
  9 giant frogs
  A gnoll sergeant (D:9)
  3 scorpions
  25 killer bees
  3 wights (D:8)
  A goliath beetle (D:8)
  6 crimson imps
  A wasp zombie (D:8)
  A quasit (D:6)
  8 hounds
  11 jellies
  Crazy Yiuf (D:2)
  2 centaur skeletons
  16 orc priests
  12 orc wizards
  2 giant frog skeletons
  4 iguanas
  5 sheep (Lair:3)
  9 worker ants
  A hound zombie (D:5)
  Terence (D:2)
  A hound skeleton (D:10)
  Robin (D:2)
  13 gnolls
  19 adders
  18 river rats
  2 shadow imps
  4 giant mites
  4 worms
  An adder skeleton (D:4)
  7 giant geckos
  3 oozes
  60 orcs
  2 ball pythons
  14 bats
  A bat skeleton (D:4)
  A bat zombie (D:5)
  16 goblins
  17 hobgoblins
  23 kobolds
  8 quokkas
  4 giant cockroaches
  A giant cockroach zombie (D:6)
  5 giant newts
  A giant spore (D:10)
  26 jackals
  A quokka skeleton (D:6)
  15 rats
  4 ballistomycetes (D:10)
  2 fungi (Lair:2)
498 creatures vanquished.

Vanquished Creatures (collateral kills)
  3 killer bees
3 creatures vanquished.

Vanquished Creatures (others)
  11 fungi
  9 plants
20 creatures vanquished.

Grand Total: 521 creatures vanquished

Notes
Turn   | Place    | Note
--------------------------------------------------------------
     0 | D:1      | faibistes, the Deep Elf Wizard, began the quest for the Orb.
     0 | D:1      | Reached XP level 1. HP: 10/10 MP: 6/6
   511 | D:1      | Reached XP level 2. HP: 15/15 MP: 4/10
   571 | D:1      | Learned a level 2 spell: Blink
   574 | D:1      | Learned a level 2 spell: Call Imp
  1476 | D:2      | Reached skill level 5 in Spellcasting
  1590 | D:2      | Reached XP level 3. HP: 19/19 MP: 8/14
  1599 | D:1      | Learned a level 3 spell: Conjure Flame
  1603 | D:1      | Learned a level 3 spell: Mephitic Cloud
  2139 | D:2      | Learned a level 2 spell: Repel Missiles
  2203 | D:2      | Reached XP level 4. HP: 22/24 MP: 3/17
  2558 | D:2      | Noticed Robin
  2573 | D:2      | Killed Robin
  2580 | D:2      | Reached skill level 6 in Spellcasting
  2725 | D:2      | Noticed Crazy Yiuf
  2732 | D:2      | Killed Crazy Yiuf
  2804 | D:2      | Noticed Terence
  2815 | D:2      | Killed Terence
  2815 | D:2      | Reached XP level 5. HP: 28/28 MP: 6/20
  2979 | D:2      | Found an ancient bone altar of Kikubaaqudgha.
  3280 | D:4      | Noticed an ogre
  3289 | D:4      | Killed an ogre
  3328 | D:3      | Found a stormy altar of Qazlal.
  3416 | D:3      | Reached XP level 6. HP: 32/32 MP: 20/22
  3744 | D:4      | Reached skill level 7 in Spellcasting
  4331 | D:5      | Entered Level 5 of the Dungeon
  4361 | D:5      | Reached skill level 1 in Fighting
  4361 | D:5      | Reached XP level 7. HP: 27/38 MP: 15/25
  4368 | D:5      | Found a shadowy altar of Dithmenos.
  4596 | D:4      | Reached skill level 8 in Spellcasting
  4596 | D:4      | Reached skill level 1 in Evocations
  4935 | D:4      | Found Xouqal's Gadget Emporium.
  5441 | D:4      | Found a blossoming altar of Fedhas.
  5441 | D:4      | Found a basalt altar of Yredelemnul.
  5441 | D:4      | Found a burning altar of Makhleb.
  5441 | D:4      | Found a snail-covered altar of Cheibriados.
  5546 | D:5      | Reached skill level 5 in Dodging
  5553 | D:5      | Reached skill level 9 in Spellcasting
  5876 | D:5      | Noticed Eustachio
  5896 | D:5      | Killed Eustachio
  5896 | D:5      | Reached XP level 8. HP: 45/45 MP: 25/28
  6630 | D:6      | Found a staircase to the Ecumenical Temple.
  6639 | Temple   | Entered the Ecumenical Temple
  6705 | Temple   | Became a worshipper of Sif Muna the Loreminder
  6849 | D:6      | Reached skill level 1 in Fire Magic
  6969 | D:6      | Reached skill level 1 in Air Magic
  7167 | D:6      | Acquired Sif Muna's first power
  7167 | D:6      | Reached skill level 1 in Poison Magic
  7638 | D:6      | Reached skill level 10 in Spellcasting
  7638 | D:6      | Reached XP level 9. HP: 51/51 MP: 30/30
  8060 | D:7      | Found Ylon's General Store.
  8068 | D:7      | Reached skill level 5 in Conjurations
  8082 | D:7      | Bought a book of Hinderance for 260 gold pieces
  8082 | D:7      | Bought a potion of lignification for 39 gold pieces
  8087 | D:7      | Learned a level 4 spell: Petrify
  8132 | D:7      | Found Shag Titt's General Store.
  8141 | D:7      | Bought a potion of heal wounds for 55 gold pieces
  8141 | D:7      | Bought a scroll of fear for 38 gold pieces
  8141 | D:7      | Bought a scroll of magic mapping for 38 gold pieces
  8253 | D:7      | Found a blossoming altar of Fedhas.
  8420 | D:7      | Found Kasolem's Book Shop.
  8423 | D:7      | Found Enacraux's Gadget Shop.
  8558 | D:7      | Acquired Sif Muna's second power
  8673 | D:8      | Reached skill level 1 in Earth Magic
  9723 | D:8      | Reached skill level 1 in Invocations
  9730 | D:8      | Reached skill level 11 in Spellcasting
 10196 | D:8      | Reached skill level 1 in Charms
 10196 | D:8      | Reached XP level 10. HP: 56/56 MP: 32/32
 10204 | D:8      | Reached skill level 1 in Transmutations
 10408 | D:10     | Entered Level 10 of the Dungeon
 10459 | D:11     | Found Utruzy's Magic Scroll Shop.
 10459 | D:11     | Noticed a hill giant
 10540 | D:10     | Noticed Erolcha
 10735 | D:10     | Killed Erolcha
 11268 | D:8      | Acquired Sif Muna's third power
 12351 | D:8      | Reached skill level 12 in Spellcasting
 13099 | D:9      | Reached XP level 11. HP: 60/60 MP: 30/34
 13173 | D:9      | Found a roughly hewn altar of Beogh.
 13520 | D:9      | Found a staircase to the Orcish Mines.
 13676 | D:9      | Noticed an obsidian statue
 13858 | D:9      | Reached skill level 5 in Earth Magic
 14238 | D:9      | Found an opulent altar of Gozag.
 14344 | D:10     | Noticed Gastronok
 15077 | D:10     | Reached skill level 5 in Fire Magic
 15192 | D:10     | Found a staircase to the Lair.
 15547 | D:11     | Noticed Maurice
 15574 | D:11     | Killed Maurice
 16208 | Lair:1   | Entered Level 1 of the Lair of Beasts
 16441 | Lair:1   | Noticed a seven-headed hydra
 16449 | Lair:1   | Killed a seven-headed hydra
 17382 | Lair:1   | Learned a level 3 spell: Dazzling Spray
 17945 | Lair:4   | Reached skill level 5 in Invocations
 17972 | Lair:4   | Noticed a death yak
 17974 | Lair:4   | Noticed a death yak
 17974 | Lair:4   | Noticed a death yak
 18133 | Lair:3   | Reached skill level 5 in Evocations
 18557 | Lair:2   | Reached skill level 5 in Charms
 18842 | Lair:2   | Reached skill level 13 in Spellcasting
 18861 | Lair:2   | Reached XP level 12. HP: 32/66 MP: 6/35
 19174 | Lair:2   | Received a gift from Sif Muna
 19181 | Lair:2   | Learned a level 4 spell: Airstrike
 19188 | Lair:2   | Learned a level 6 spell: Deflect Missiles
 20689 | Lair:3   | Found a staircase to the Snake Pit.
 20957 | Lair:3   | Noticed a seven-headed hydra
 20965 | Lair:3   | Killed a seven-headed hydra
 21505 | Lair:4   | Noticed a death yak
 21505 | Lair:4   | Noticed a death yak
 21506 | Lair:4   | Noticed a death yak
 21514 | Lair:4   | Killed a death yak
 21518 | Lair:4   | Killed a death yak
 21519 | Lair:4   | Killed a death yak
 21539 | Lair:4   | HP: 2/67 [death yak (13)]
 21540 | Lair:4   | Killed a death yak
 21884 | Lair:4   | Killed a death yak
 21897 | Lair:4   | Engulfed by a cloud of flame

Action                   |  1- 3 |  4- 6 |  7- 9 | 10-12 || total
-------------------------+-------+-------+-------+-------++-------
Melee: Dagger            |    18 |    33 |   105 |   264 ||   420
 Cast: Magic Dart        |    83 |   154 |   449 |   758 ||  1444
       Mephitic Cloud    |     6 |    10 |    31 |    70 ||   117
       Conjure Flame     |     5 |     9 |    27 |   114 ||   155
       Blink             |     4 |     2 |     5 |    10 ||    21
       Repel Missiles    |     1 |     2 |       |     1 ||     4
       Dazzling Spray    |       |       |       |    76 ||    76
       Airstrike         |       |       |       |    12 ||    12
       Deflect Missiles  |       |       |       |     1 ||     1
       Petrify           |       |       |       |     1 ||     1
Invok: Channel Energy    |       |       |       |    17 ||    17
  Use: Scroll            |       |       |    15 |    14 ||    29
       Potion            |       |       |       |     8 ||     8
 Stab: Confused          |     1 |     3 |     8 |    15 ||    27
       Sleeping          |       |     1 |     1 |       ||     2
       Fleeing           |       |       |       |     1 ||     1
       Invisible         |       |       |       |     6 ||     6
  Eat: Chunk             |     4 |     7 |    17 |    33 ||    61
       Fruit             |       |       |       |     5 ||     5
       Pizza             |       |       |       |     1 ||     1
